Map: 2000 Atmospheres LE

Players

Future - Winner!

  • Race: Terran Terran

PureLegacy

  • Race: Terran Terran

Event: DreamHack SC2 Masters 2021 Summer

VOD

Have the link to the VOD?

Description

Time

  • Played on: May 26, 2021, 4:51 p.m.
  • Length: 17:47

All games in this series

Show
View Real Time Build Order
Export as new Build Order

Future Terran - Winner!

Build Orders: Mech 

Get SALT Encoding   

  12  0:00  SCV  
  13  0:12  SCV  
  14  0:17  Supply Depot  
  14  0:24  SCV  
  15  0:38  SCV  
  15  0:40  Barracks  
  16  0:43  Refinery  
  16  0:50  SCV  
  16  0:53  Refinery  
  17  1:02  SCV  
  18  1:14  SCV  
  19  1:27  Orbital Command, Reaper  
  19  1:29  Supply Depot  
  20  1:40  Factory  
  20  1:52  SCV  
  21  1:59  Reaper  
  22  2:04  SCV  
  23  2:16  Command Center  
  23  2:17  SCV  
  24  2:24  Hellion  
  24  2:29  SCV  
  27  2:31  Barracks Reactor  
  27  2:41  SCV  
  27  2:42  Starport  
  28  2:45  Supply Depot  
  28  2:48  Factory Tech Lab  
  28  2:53  SCV  
  29  3:05  SCV  
  30  3:08  Marine x2  
  30  3:09  Siege Tank  
  35  3:17  SCV  
  36  3:22  Medivac  
  39  3:28  Orbital Command  
  39  3:29  SCV  
  39  3:31  Marine  
  39  3:32  Marine  
  41  3:38  Refinery  
  41  3:41  SCV  
  42  3:51  Cyclone  
  44  3:56  SCV x2  
  46  4:04  Supply Depot  
  46  4:08  SCV x2  
  48  4:10  Viking x2  
  52  4:20  SCV x2  
  52  4:22  Marine  
  54  4:26  Siege Tank  
  54  4:30  Supply Depot  
  57  4:32  SCV x2  
  60  4:45  Viking  
  60  4:47  Viking  
  60  4:50  Supply Depot  
  60  4:52  SCV x2, Supply Depot  
  64  4:58  Siege Tank  
  67  5:04  SCV x2  
  69  5:11  Barracks Tech Lab  
  69  5:13  Command Center  
  69  5:16  SCV x2  
  64  5:28  SCV x2  
  64  5:30  Siege Tank  
  66  5:36  Viking x2  
  66  5:40  SCV x2, Marine  
  73  5:47  Refinery  
  73  5:53  SCV x2  
  75  6:03  Siege Tank  
  78  6:05  Refinery, SCV x2  
  78  6:06  Viking  
  78  6:08  Refinery, Viking  
  78  6:09  Supply Depot  
  84  6:19  SCV x2  
  87  6:31  SCV  
  87  6:33  SCV  
  87  6:36  Viking  
  87  6:37  Siege Tank  
  87  6:38  Viking  
  95  6:40  Supply Depot  
  95  6:42  Supply Depot  
  95  6:43  SCV  
  95  6:45  SCV  
  95  6:46  Marine  
  98  6:55  SCV  
  98  6:57  SCV, Engineering Bay  
  98  6:58  Orbital Command, Supply Depot  
  98  6:59  Command Center  
  100  7:07  Viking  
  100  7:08  SCV, Viking  
  105  7:09  SCV  
  106  7:16  Siege Tank  
  106  7:20  SCV  
  106  7:21  SCV  
  111  7:23  Supply Depot  
  111  7:26  Barracks Reactor  
  111  7:27  Mag-Field Accelerator  
  111  7:28  Factory x2  
  111  7:29  SCV  
  112  7:32  SCV  
  112  7:34  SCV  
  114  7:41  SCV  
  107  7:52  Cyclone  
  106  7:59  SCV  
  106  8:00  SCV x2, Command Center  
  109  8:11  Refinery  
  109  8:12  SCV  
  107  8:13  Refinery  
  107  8:18  Factory  
  107  8:20  Factory  
  107  8:23  Cyclone  
  107  8:24  Cyclone  
  107  8:25  Hellion x2  
  107  8:26  SCV x3  
  120  8:31  Sensor Tower  
  120  8:33  Sensor Tower  
  120  8:38  SCV x3, Armory x2  
  123  8:50  SCV x3  
  123  8:58  Cyclone  
  123  9:00  Cyclone  
  123  9:01  Hellion x2  
  123  9:02  SCV x2  
  132  9:03  SCV  
  132  9:05  Planetary Fortress  
  133  9:10  Missile Turret  
  133  9:11  Missile Turret  
  133  9:14  SCV x2  
  133  9:15  SCV  
  133  9:16  Factory Tech Lab, Factory Reactor  
  136  9:26  SCV  
  136  9:27  SCV x2  
  136  9:28  Hellion x2  
  136  9:30  Cyclone  
  146  9:32  Cyclone, Supply Depot x2  
  149  9:38  SCV  
  149  9:39  SCV  
  149  9:41  Command Center  
  151  9:51  Cyclone  
  154  9:55  Terran Vehicle And Ship Armor Level 1, Terran Vehicle Weapons Level 1  
  147  10:02  Cyclone  
  147  10:04  Hellion x4  
  147  10:05  Cyclone  
  149  10:08  Factory  
  149  10:09  Factory  
  143  10:23  SCV, Cyclone  
  143  10:24  Factory  
  143  10:25  Hellion x2  
  143  10:26  Hellion  
  151  10:30  SCV  
  151  10:33  Hellion  
  151  10:34  Refinery, Cyclone  
  151  10:35  Refinery  
  154  10:37  Cyclone  
  153  10:47  Hellion x3  
  159  10:55  Cyclone  
  160  11:07  Cyclone  
  160  11:09  Cyclone  
  160  11:10  Factory Tech Lab  
  159  11:13  Hellion x2  
  138  11:23  Hellion  
  138  11:24  Hellion  
  137  11:26  SCV x3  
  137  11:28  Cyclone  
  137  11:31  Factory Tech Lab  
  143  11:34  Hellion  
  143  11:39  Cyclone, SCV x2  
  150  11:41  Cyclone x2  
  154  11:47  Hellion x2  
  154  11:48  SCV  
  154  11:49  SCV  
  154  11:51  Cyclone  
  154  11:53  Infernal Pre-Igniter  
  155  11:56  Factory Tech Lab  
  155  12:00  Cyclone  
  149  12:04  Terran Vehicle And Ship Armor Level 2, Terran Vehicle Weapons Level 2  
  149  12:05  Hellion  
  149  12:06  Hellion, Planetary Fortress  
  143  12:10  Command Center  
  143  12:11  Cyclone, Missile Turret x3  
  143  12:12  Marine  
  143  12:13  Cyclone x2, Sensor Tower  
  143  12:14  Hellion  
  155  12:17  Orbital Command  
  155  12:18  Drilling Claws  
  155  12:19  Smart Servos  
  155  12:22  SCV x2  
  159  12:23  Cyclone  
  160  12:31  Cyclone  
  160  12:32  Cyclone  
  160  12:35  SCV  
  160  12:36  SCV x3  
  165  12:43  Cyclone  
  166  12:45  Cyclone  
  166  12:46  Cyclone  
  166  12:47  Hellion x2  
  166  12:48  SCV, Marine  
  174  12:55  Cyclone  
  174  12:56  Command Center  
  177  13:03  Cyclone  
  177  13:04  Cyclone, Hellion x2  
  187  13:15  Cyclone  
  187  13:17  Cyclone  
  187  13:18  Starport  
  187  13:19  Starport, Hi-Sec Auto Tracking, Sensor Tower  
  192  13:36  Starport Tech Lab  
  192  13:41  Refinery  
  192  13:46  Cyclone x2  
  192  13:47  Cyclone x2  
  191  13:54  Cyclone x2  
  194  13:55  Widow Mine x2  
  194  13:56  Widow Mine x2  
  153  14:17  Hellion x3  
  153  14:18  Cyclone  
  153  14:19  Cyclone x3  
  153  14:20  Orbital Command  
  164  14:26  Cyclone x2  
  140  14:40  Hellion x3  
  140  14:41  Hellion  
  138  14:50  SCV, Factory x2  
  138  14:51  Cyclone x4, SCV x4  
  138  14:52  SCV x2, Factory  
  157  14:58  Cyclone x2  
  157  14:59  Starport Tech Lab  
  163  15:00  Starport Tech Lab, Raven, Corvid Reactor  
  163  15:02  Terran Vehicle Weapons Level 3  
  163  15:03  Terran Vehicle And Ship Armor Level 3, SCV x2  
  163  15:04  SCV x3  
  163  15:05  SCV  
  163  15:06  SCV  
  172  15:12  Refinery  
  170  15:15  SCV x2  
  170  15:16  SCV  
  173  15:23  Cyclone x4  
  164  15:30  Cyclone x2  
  164  15:33  Orbital Command  
  165  15:36  Factory Tech Lab x3, Raven  
  165  15:37  Raven  
  157  15:46  Hellion x3  
  157  15:47  Hellion  
  156  15:54  Widow Mine  
  156  15:55  Cyclone x5  
  156  15:56  Cyclone  
  173  16:02  Cyclone  
  170  16:09  Cyclone  
  170  16:10  Hellion x4  
  170  16:11  Raven  
  181  16:15  Cyclone  
  186  16:20  Command Center  
  186  16:27  Cyclone x3  
  186  16:29  Cyclone  
  198  16:36  Command Center  
  198  16:38  Command Center  
  198  16:39  Cyclone x2  
  195  16:44  Cyclone  
  188  16:49  Cyclone  
  188  16:50  Cyclone  
  194  16:57  Hellion x3  
  198  17:10  Command Center  
  198  17:14  Sensor Tower  
  200  17:17  Missile Turret  
  200  17:35  Missile Turret  
  199  17:38  Missile Turret  
Show
View Real Time Build Order
Export as new Build Order

PureLegacy Terran 

Build Orders: Gas First Reaper Expand, Hellion Opening 

Get SALT Encoding   

  12  0:00  SCV  
  13  0:12  SCV  
  14  0:17  Supply Depot  
  14  0:24  SCV  
  15  0:29  Refinery  
  15  0:38  SCV  
  16  0:43  Barracks  
  16  0:50  SCV  
  17  1:02  SCV  
  18  1:15  SCV  
  19  1:30  Reaper, Orbital Command  
  20  1:45  Command Center  
  20  1:55  Factory  
  20  1:59  SCV  
  21  2:07  Barracks Reactor  
  20  2:11  Supply Depot  
  20  2:13  SCV  
  21  2:20  Refinery  
  21  2:25  SCV  
  22  2:37  SCV  
  22  2:43  Starport  
  23  2:48  Hellion x2  
  27  2:53  SCV  
  27  2:54  Barracks Tech Lab  
  28  3:02  Orbital Command  
  27  3:13  Hellion x2  
  27  3:17  SCV  
  32  3:20  Orbital Command  
  32  3:32  Raven  
  34  3:34  SCV  
  34  3:37  Hellion x2  
  34  3:40  Barracks Tech Lab  
  39  3:46  SCV  
  39  3:47  SCV  
  41  3:51  Supply Depot  
  41  3:58  SCV  
  41  3:59  SCV, Supply Depot  
  43  4:08  Refinery  
  43  4:11  Siege Tank  
  43  4:13  SCV  
  47  4:24  SCV  
  48  4:25  SCV  
  49  4:35  Viking  
  49  4:36  SCV, Viking  
  49  4:37  SCV  
  55  4:45  Siege Tank  
  56  4:48  SCV  
  56  4:50  SCV  
  56  4:51  Supply Depot  
  58  5:00  SCV  
  58  5:02  SCV  
  58  5:06  Command Center  
  60  5:10  Viking  
  60  5:12  SCV, Viking  
  57  5:31  SCV  
  58  5:38  SCV, Supply Depot  
  58  5:40  Viking  
  58  5:42  Refinery, Viking  
  59  5:43  SCV  
  59  5:48  Siege Tank  
  63  5:50  SCV  
  63  5:51  Engineering Bay  
  63  5:55  SCV  
  65  6:01  Command Center  
  65  6:07  SCV x2  
  65  6:10  Supply Depot  
  67  6:13  Viking x2  
  69  6:19  SCV  
  69  6:24  SCV  
  71  6:26  Siege Tank  
  71  6:32  SCV, Sensor Tower  
  75  6:40  SCV  
  75  6:41  Supply Depot  
  75  6:43  Factory  
  75  6:44  Viking x2  
  75  6:46  SCV  
  81  6:48  Orbital Command  
  81  6:52  SCV  
  82  6:54  Refinery  
  82  6:57  Refinery  
  82  6:58  SCV  
  82  7:00  Siege Tank  
  86  7:04  SCV  
  87  7:10  SCV, Supply Depot  
  87  7:14  SCV x2  
  90  7:16  SCV  
  90  7:20  Viking  
  90  7:22  Viking  
  95  7:23  SCV  
  95  7:26  SCV  
  95  7:27  SCV  
  98  7:32  Siege Tank  
  98  7:35  SCV  
  102  7:38  SCV  
  102  7:41  Sensor Tower  
  94  7:51  Viking  
  94  7:58  Liberator  
  94  7:59  Siege Tank  
  100  8:05  Siege Tank  
  100  8:07  SCV x2  
  100  8:10  SCV x2  
  100  8:11  Refinery  
  104  8:19  SCV x2  
  102  8:20  Starport  
  102  8:21  Viking  
  102  8:22  SCV  
  102  8:29  Factory  
  102  8:31  SCV, Siege Tank  
  106  8:37  SCV x2, Command Center, Supply Depot  
  106  8:41  Viking  
  110  8:51  Viking  
  108  8:59  Siege Tank  
  108  9:02  SCV x2  
  107  9:04  Starport Reactor  
  107  9:05  SCV  
  107  9:06  Supply Depot  
  107  9:08  Refinery  
  108  9:13  Siege Tank  
  108  9:14  SCV x2  
  108  9:16  Factory Reactor  
  113  9:17  SCV  
  113  9:22  Missile Turret  
  114  9:25  Factory  
  114  9:27  Factory  
  114  9:35  SCV x2, Siege Tank  
  114  9:37  SCV  
  120  9:45  Refinery  
  120  9:46  Refinery  
  120  9:47  SCV x2  
  120  9:49  Missile Turret  
  120  9:50  Sensor Tower  
  121  9:55  SCV  
  121  9:59  SCV  
  116  10:06  SCV  
  115  10:07  SCV  
  115  10:08  Viking x2  
  115  10:11  SCV  
  115  10:12  Factory Tech Lab, Factory Reactor, Siege Tank x2  
  115  10:14  Hellion x2  
  130  10:18  SCV  
  130  10:19  SCV, Mag-Field Accelerator  
  132  10:24  SCV  
  132  10:26  Viking, Missile Turret  
  132  10:27  Viking  
  137  10:30  SCV  
  137  10:31  SCV, Siege Tank  
  142  10:36  SCV  
  142  10:41  Hellion x2  
  142  10:42  SCV  
  148  10:49  Orbital Command  
  148  10:50  Supply Depot  
  148  10:51  Supply Depot  
  148  10:53  Supply Depot  
  148  11:00  Refinery  
  148  11:04  Cyclone, Hellion  
  148  11:05  Hellion  
  148  11:08  Siege Tank  
  148  11:12  Cyclone, Hellion x2  
  143  11:23  SCV  
  143  11:25  Hellion  
  130  11:27  Hellion, Supply Depot  
  130  11:29  Armory  
  130  11:31  Factory  
  132  11:33  Factory  
  132  11:36  Cyclone, Hellion x2  
  139  11:40  Cyclone  
  142  11:47  Command Center  
  142  11:48  Command Center  
  142  11:51  Hellion x2  
  127  11:55  Cyclone  
  119  12:03  SCV  
  119  12:04  SCV x2  
  119  12:07  Hellion x2  
  119  12:08  SCV, Cyclone  
  124  12:09  Infernal Pre-Igniter  
  124  12:12  Cyclone  
  127  12:16  SCV x2  
  127  12:17  Factory Tech Lab x2, SCV  
  127  12:20  SCV  
  127  12:22  Sensor Tower  
  131  12:27  Cyclone  
  131  12:28  SCV x2, Hellion x2  
  140  12:30  Smart Servos, Terran Vehicle Weapons Level 1  
  130  12:39  Cyclone x2  
  130  12:41  Hellion x2  
  130  12:43  SCV x2  
  130  12:44  SCV  
  132  12:47  Cyclone  
  132  12:49  Cyclone  
  137  12:52  Supply Depot  
  137  12:54  SCV  
  137  12:55  SCV  
  139  12:59  Cyclone  
  141  13:06  Hellion x4  
  141  13:11  Siege Tank  
  141  13:12  Cyclone  
  155  13:15  Armory  
  155  13:19  Cyclone  
  158  13:21  Cyclone  
  158  13:22  SCV x3  
  164  13:31  Cyclone  
  164  13:32  Hellion x4  
  164  13:33  Liberator x2  
  180  13:43  Cyclone  
  173  13:51  Refinery  
  173  13:54  Refinery, Cyclone x2  
  173  13:55  Cyclone  
  175  13:56  Hellion x4  
  181  14:05  Cyclone  
  157  14:16  Hellion  
  151  14:17  Hellion x2  
  151  14:18  Hellion x2, Terran Vehicle And Ship Armor Level 1  
  159  14:26  Cyclone  
  159  14:27  Cyclone, Hellion  
  164  14:37  Cyclone x2  
  147  14:39  Hellion x4  
  147  14:47  Planetary Fortress  
  147  14:48  Cyclone  
  147  14:50  Missile Turret  
  150  14:54  Factory  
  150  14:59  Cyclone, Terran Vehicle Weapons Level 2, Hellion  
  149  15:00  Hellion x3  
  149  15:05  Factory  
  149  15:06  Factory  
  155  15:09  Cyclone x2  
  155  15:11  Hellion  
  163  15:20  Cyclone  
  163  15:21  Cyclone, Hellion  
  147  15:31  Cyclone  
  147  15:33  Hellion x3, Planetary Fortress  
  143  15:41  Cyclone x2  
  117  15:52  Cyclone, Factory Tech Lab  
  117  15:53  Cyclone, Factory Tech Lab  
  117  16:03  Cyclone  
  119  16:05  Hellion x2  
  119  16:11  SCV x3  
  123  16:13  Cyclone x2, SCV x2  
  123  16:16  SCV  
  133  16:20  Cyclone x2  
  133  16:24  Cyclone  
  133  16:25  Cyclone  
  141  16:26  Hellion x2  
  141  16:30  Hellion  
  141  16:31  Hellion  
  133  16:40  Cyclone  
  133  16:45  Cyclone x2  
  134  16:49  Hellion  
  134  16:52  Cyclone x2  
  142  16:56  Hellion x2  
  142  17:00  Siege Tank  
  131  17:07  Cyclone  
  134  17:12  Cyclone  
  134  17:13  Hellion x2  
  139  17:22  Command Center  
Tags
 
Add a new tag
Caveats
  • Supply blocks, unpowered buildings, or Contaminate may cause inaccurate times.
  • Supply counts are checked every 10 seconds.